 Dungeon Crawl Stone Soup version 0.30.1-11-g7821555f0a (webtiles) character file.

Game seed: 2482700809501608404

130 MOCHET the Ducker (level 5, -4/40 HPs)
             Began as a Djinni Fire Elementalist on Dec 13, 2023.
             Slain by a cerulean imp
             ... wielding a +1 spear
             ... summoned by Natasha
              (6 damage)
             ... on level 3 of the Dungeon.
             The game lasted 00:09:35 (1851 turns).

MOCHET the Ducker (Djinni Fire Elementalist)        Turns: 1851, Time: 00:09:35

Health: -4/40      AC:  2    Str:  7    XL:     5   Next: 36%
Gold:   70         EV: 13    Int: 19    God:
                   SH:  0    Dex: 13

rFire   + + .        i - staff of air
rCold   + . .        l - orb {*channel}
rNeg    + . .        a - +0 robe
rPois   ∞            (no helmet)
rElec   +            (no cloak)
rCorr   .            (no gloves)
SInv    .            (boots unavailable)
Will    .....        o - amulet "Vaytyaki" {Spirit rC+ rN+}
Stlth   ++           s - ring of protection from cold
HPRegen 0.26/turn    (no ring)
MPRegen 0.00/turn

%: guardian spirit, infuse magic (-5 HP)
@: flying
A: sickness immunity, fire resistance 2, cold vulnerability 1, float, innate
caster, HP casting, extra vitality 1
a: no special abilities


You were on level 3 of the Dungeon.
You visited 1 branch of the dungeon, and saw 3 of its levels.

You collected 70 gold pieces.

Inventory:

Armour
 a - a +0 robe (worn)
 l - an orb of energy (worn)
Magical Staves
 i - a staff of air (weapon)
Jewellery
 o - the amulet "Vaytyaki" (around neck) {Spirit rC+ rN+}
   (You found it on level 2 of the Dungeon)

   [amulet of guardian spirit]

   It causes incoming damage to be divided between your reserves of health and
   magic.
   rC:        It protects you from cold.
   rN:        It protects you from negative energy.
 s - a ring of protection from cold (left hand)
Scrolls
 b - 2 scrolls of noise {unknown}
 d - 2 scrolls of vulnerability {unknown}
 e - a scroll of silence {unknown}
 g - a scroll of teleportation {unknown}
 h - 2 scrolls of magic mapping {unknown}
 q - 2 scrolls of identify {unknown}
 r - a scroll of amnesia {unknown}
Potions
 c - a potion of degeneration {unknown}
 f - a potion of curing {unknown}
 j - a potion of might {unknown}
 k - 2 potions of lignification {unknown}
 m - a potion of brilliance {unknown}
 n - a potion of berserk rage {unknown}
 p - a potion of flight {unknown}


   Skills:
 * Level 3.2 Fighting
 + Level 3.3 Dodging
 - Level 1.5 Stealth
 + Level 3.0 Spellcasting


You knew the following spells:

 Your Spells              Type           Power      Damage    Failure   Level
a - Foxfire               Conj/Fire      56%        2x1d6     4%          1
b - Scorch                Fire           28%        2d6       7%          2
c - Volatile Blastmotes   Fire/Tloc      28%        2d12      13%         3
d - Inner Flame           Hex/Fire       14%        N/A       13%         3
e - Flame Wave            Conj/Fire      14%        2d6       41%         4
f - Slow                  Hex            56%        N/A       4%          1
g - Static Discharge      Conj/Air       42%        2-4/arc   7%          2
Your spell library was empty.

Dungeon Overview and Level Annotations

Branches:
Dungeon (3/15)

Altars:

Shops:
D:1 :[:

Annotations:
D:3 Natasha


Innate Abilities, Weirdness & Mutations

You are immune to sickness and miasma.
You are immune to poison.
Your flesh is very heat resistant. (rF++)
You are vulnerable to cold. (rC-)
You float through the air rather than walking.
You learn spells naturally, not from books.
Your magical power is your life essence.
You have superior vitality. (+4 MHP)


Message History

Casting: Scorch (safe; 7% risk of failure)
Confirm with . or Enter, or press ? or * to list all spells.
Flames lash the gnoll.
The gnoll is burned terribly!
You kill the gnoll!
The cerulean imp closely misses you.
Natasha casts a spell.
The cerulean imp hits you from afar with a +1 spear.
Casting: Scorch (safe; 7% risk of failure)
Confirm with . or Enter, or press ? or * to list all spells.
You conjure some foxfire!
The cerulean imp hits you from afar with a +1 spear.
The foxfire hits Natasha.
Natasha is lightly wounded.
The cerulean imp closely misses you.
The foxfire hits Natasha.
Natasha is moderately wounded.
The cerulean imp hits you from afar with a +1 spear.
The cerulean imp closely misses you.
The cerulean imp hits you from afar with a +0 spear.
Natasha closely misses you.
Casting: Foxfire (safe; 4% risk of failure)
Confirm with . or Enter, or press ? or * to list all spells.
Flames lash the cerulean imp.
The cerulean imp is severely wounded.
The cerulean imp's fire resistance burns away.
The cerulean imp closely misses you. x2; The cerulean imp barely misses you.
Natasha casts a spell at you. The magic dart hits you.
* * * LOW HITPOINT WARNING * * *
The cerulean imp hits you from afar with a +1 spear.
* * * LOW HITPOINT WARNING * * *
The cerulean imp hits you from afar with a +1 spear.
* * * LOW HITPOINT WARNING * * *
The cerulean imp closely misses you.
Natasha hisses.
Natasha claws you!
* * * LOW HITPOINT WARNING * * *
The cerulean imp closely misses you.
The cerulean imp hits you from afar with a +1 spear.
You die... .####.# ..... .### ....... ......... ..## ...##.### ........# ..# .#.##... # #..#..#.# ..# .#.##.#####.####))#...... g.# .....................#.## ##.## .#†##.#####....55h5...... gg.

)#.##....##..#
#.......# #.#
.#.##....##..#
#@.##.### #<#
.........##..###..# #.#
.#.##....##..##...# #.#
.........##..##.#.# #.#
.#.####'###..##.#.##.##
#.#
.......................
#.#
.#..###..##...#########
#.# .... #......## #.#
##........>##


You could see Natasha and 3 cerulean imps.

Vanquished Creatures
  Jessica (D:3)
  5 gnolls
  2 adders
  A dart slug (D:2)
  6 endoplasms
  4 giant cockroaches (D:1)
  4 goblins
  2 hobgoblins (D:2)
  A ball python (D:1)
  3 bats (D:1)
  4 frilled lizards
  7 rats
40 creatures vanquished.

Vanquished Creatures (others)
  128 foxfires
128 creatures vanquished.

Grand Total: 168 creatures vanquished

Notes
Turn   | Place    | Note
-------+----------+-------------------------------------------
     0 | D:1      | MOCHET the Djinni Fire Elementalist began the quest for the
                  | Orb.
     0 | D:1      | MOCHET set off with the following spells memorised:
                  | Foxfire, Scorch, Volatile Blastmotes, Inner Flame, Flame
                  | Wave.
     0 | D:1      | Reached XP level 1. HP: 15/15 MP: 0/0
    47 | D:1      | Found Emes's Book Shop.
   150 | D:1      | Reached skill level 1 in Fighting
   150 | D:1      | Reached XP level 2. HP: 20/22 MP: 0/0
   478 | D:1      | Reached XP level 3. HP: 26/28 MP: 0/0
   478 | D:1      | Learned a level 1 spell: Slow
   532 | D:1      | Found Iganat's Book Boutique.
   765 | D:1      | Found Daejyudgh's Antique Armour Boutique.
  1053 | D:2      | Identified the amulet "Vaytyaki" {Spirit rC+ rN+}
  1121 | D:2      | Reached XP level 4. HP: 30/33 MP: 0/0
  1732 | D:3      | Noticed Jessica
  1738 | D:3      | Killed Jessica
  1774 | D:3      | Reached XP level 5. HP: 37/40 MP: 0/0
  1774 | D:3      | Learned a level 2 spell: Static Discharge
  1839 | D:3      | Noticed Natasha
  1850 | D:3      | HP: 2/40 [Natasha (8)]
  1851 | D:3      | Slain by a cerulean imp

Illustrated notes

Levels and vault maps discovered:
D:1:      scummos_arrival_simple_fountains, layout_basic, serial_shops, shop,
          nicolae_shop_tiny_real_fake_doors, shop, minmay_pentomino_o2
D:2:      layout_loops_ring, basic_altar
D:3:      layout_basic, trog_wizard, nicolae_dithmenos_through_a_glass_darkly,
          serial_shops, shop, uniq_jessica, uniq_robin, uniq_terence,
          uniq_natasha

Skill      XL: |  1  2  3  4  5 |
---------------+----------------+-----
Fighting       | 1 2 3 |  3.2
Dodging        | 3 |  3.3
Spellcasting   | 3 |  3.0
Stealth        | |  1.5

Action                     |  1- 3 |  4- 6 || total
---------------------------+-------+-------++-------
   Cast: Foxfire           |    63 |    15 ||    78
         Slow              |    12 |     7 ||    19
         Scorch            |     4 |    14 ||    18
  Dodge: Dodged            |    12 |    15 ||    27
